 Dungeon Crawl Stone Soup version 0.26-a0-1205-g4083c211ab (webtiles) character file.

Game seed: 9479283378917612364

345907 voltaire321 the Warrior (level 21, -1/192 HPs)
             Began as a Grey Draconian Conjurer on Dec 29, 2020.
             Was a High Priest of Sif Muna.
             Killed by the air
             ... invoked by Sojobo
              (20 damage)
             ... on level 2 of the Vaults on Dec 30, 2020.
             The game lasted 05:01:45 (71462 turns).

voltaire321 the Warrior (Grey Draconian Conjurer)  Turns: 71462, Time: 05:01:45

Health: -1/192     AC: 29    Str: 10    XL:     21   Next: 18%
Magic:  5/40       EV: 23    Int: 40    God:    Sif Muna [*****.]
Gold:   2214       SH: 15    Dex: 18    Spells: 26/50 levels left

rFire    + . .     SeeInvis .   S - +7 whip of the Peculiar Lies {drain, Will+}
rCold    . . .     Faith    .   C - +4 kite shield {reflect}
rNeg     + . .     Spirit   .   (armour unavailable)
rPois    +         Reflect  +   (helmet restricted)
rElec    +         Harm     .   I - +2 cloak
rCorr    .         Rampage  .   R - +2 pair of gloves {Dex+3}
Will     ++...                  k - +2 pair of boots {run}
Stlth    ++........             q - amulet "Upperigu" {RegenMP rElec}
HPRegen  0.42/turn              p - ring "Jaogupsi" {rN+ AC+4 Int+7}
MPRegen  0.52/turn              i - ring of Winter {rPois rF+ Int+6 Dex+4}

@: about to teleport, quick
A: walk through water, unfitting armour, unbreathing, cold-blooded, AC +16
}: 2/15 runes: serpentine, barnacled
a: Renounce Religion, Channel Magic, Forget Spell, Divine Exegesis


You were on level 2 of the Vaults.
You worshipped Sif Muna.
Sif Muna was extremely pleased with you.
You visited 8 branches of the dungeon, and saw 37 of its levels.
You visited the Abyss 1 time.
You also visited: Bailey.

You collected 5280 gold pieces.
You spent 3066 gold pieces at shops.

Inventory:

Hand Weapons
 d - the +1 mace "Ecaxzish" {vorpal, rC++ rN+ Int+3 Stlth-}
   (You found it on level 2 of the Elven Halls)

   It inflicts extra damage upon your enemies.
   It affects your intelligence (+3).
   It greatly protects you from cold.
   It protects you from negative energy.
   It makes you less stealthy.
 S - the +7 whip of the Peculiar Lies (weapon) {drain, Will+}
   (You bought it in a shop on level 4 of the Snake Pit)

   A truly terrible weapon, it drains the life of those it strikes.
   It affects your willpower, your defense against some magical effects.
 Z - the +5 morningstar "Duguux" {freeze, rF- Will++ Dex+7}
   (You found it on level 4 of the Shoals)

   It has been specially enchanted to freeze those struck by it, causing extra
   injury to most foes and up to half again as much damage against particularly
   susceptible opponents.
   It can also slow down cold-blooded creatures.
   It affects your dexterity (+7).
   It makes you vulnerable to fire.
   It affects your willpower, your defense against some magical effects.
Armour
 k - a +2 pair of boots of running (worn)
 C - a +4 kite shield of reflection (worn)
 I - a +2 cloak (worn)
 R - a +2 pair of gloves of dexterity (worn)
Jewellery
 i - the ring of Winter (right hand) {rPois rF+ Int+6 Dex+4}
   (You bought it in a shop on level 6 of the Dungeon)

   [ring of intelligence]

   It affects your intelligence (+6).
   It affects your dexterity (+4).
   It protects you from fire.
   It protects you from poison.
 p - the ring "Jaogupsi" (left hand) {rN+ AC+4 Int+7}
   (You found it on level 6 of the Dungeon)

   [ring of protection]

   It affects your AC (+4).
   It affects your intelligence (+7).
   It protects you from negative energy.
 q - the amulet "Upperigu" (around neck) {RegenMP rElec}
   (You found it on level 4 of the Dungeon)

   [amulet of magic regeneration]

   It increases your magic regeneration.
   It insulates you from electricity.
 x - an uncursed ring of resist corrosion
 z - an uncursed ring of protection from fire
 M - an uncursed ring of see invisible
 W - an uncursed ring of protection from cold
Wands
 c - a wand of enslavement (9)
 g - a wand of random effects (23)
 o - a wand of flame (58)
 y - a wand of digging (2)
 E - a wand of iceblast (25)
 V - a wand of acid (8)
Scrolls
 a - 3 scrolls of teleportation
 b - 2 scrolls of silence
 l - 3 scrolls of holy word
 m - 30 scrolls of remove curse
 n - 4 scrolls of fog
 A - 19 scrolls of identify
 D - 6 scrolls of blinking
 O - 3 scrolls of summoning
 P - 8 scrolls of enchant weapon
 Q - 3 scrolls of amnesia
 U - 4 scrolls of magic mapping
 Y - a scroll of fear
Potions
 f - 5 potions of mutation
 h - 7 potions of might
 j - 8 potions of resistance
 s - 17 potions of curing
 t - 5 potions of lignification
 u - 2 potions of brilliance
 F - 3 potions of haste
 G - 3 potions of ambrosia
 K - 3 potions of flight
 L - a potion of berserk rage
 N - 2 potions of invisibility
 X - 2 potions of magic
Miscellaneous
 H - a condenser vane


   Skills:
 + Level 17.5 Fighting
 + Level 15.2 Dodging
 - Level 1.7 Stealth
 + Level 9.2 Shields
 + Level 15.2 Spellcasting
 + Level 16.7 Conjurations
 - Level 5.0 Transmutations
 + Level 15.8 Earth Magic
 - Level 13.0 Invocations
 - Level 5.0 Evocations


You had 26 spell levels left.
You knew the following spells:

 Your Spells              Type           Power        Failure   Level
a - Magic Dart            Conj           100%         0%          1
b - Searing Ray           Conj           100%         0%          2
c - Dazzling Flash        Conj/Hex       100%         1%          3
d - Apportation           Tloc           60%          2%          1
e - Stone Arrow           Conj/Erth      100%         0%          3
f - Iron Shot             Conj/Erth      51%          1%          6
g - Statue Form           Tmut/Erth      56%          4%          6
h - Passwall              Tmut/Erth      70%          1%          2

Your spell library contained the following spells:

 Spells                   Type           Power        Failure   Level
 Sandblast                Erth           100%         0%          1
 Foxfire                  Conj/Fire      100%         1%          1
 Shock                    Conj/Air       100%         1%          1
 Sting                    Tmut/Pois      100%         1%          1
 Wereblood                Tmut           63%          1%          2
 Conjure Flame            Conj/Fire      77%          1%          3
 Mephitic Cloud           Conj/Pois/Air  66%          1%          3
 Static Discharge         Conj/Air       77%          1%          3
 Fulminant Prism          Conj/Hex       38%          1%          4
 Hailstorm                Conj/Ice       77%          1%          4
 Iskenderun's Mystic Bla  Conj/Tloc      77%          1%          4
 Leda's Liquefaction      Hex/Erth       38%          1%          4
 Petrify                  Tmut/Erth      85%          1%          4
 Sticky Flame             Conj/Fire      77%          1%          4
 Bolt of Magma            Conj/Fire/Erth 43%          1%          5
 Fireball                 Conj/Fire      38%          1%          5
 Irradiate                Conj/Tmut      43%          1%          5
 Iskenderun's Battlesphe  Conj           100%         1%          5
 Lee's Rapid Deconstruct  Erth           51%          1%          5
 Lightning Bolt           Conj/Air       38%          1%          5
 Orb of Destruction       Conj           52%          1%          7
 Animate Skeleton         Necr           60%          2%          1
 Corona                   Hex            33%          2%          1
 Summon Small Mammal      Summ           100%         2%          1
 Borgnjor's Vile Clutch   Necr/Erth      38%          2%          5
 Blink                    Tloc           N/A          3%          2
 Call Imp                 Summ           30%          3%          2
 Corpse Rot               Necr/Air       N/A          3%          2
 Ensorcelled Hibernation  Hex/Ice        60%          3%          2
 Poisonous Vapours        Pois/Air       60%          3%          2
 Slow                     Hex            30%          3%          2
 Sublimation of Blood     Necr           15%          3%          2
 Swiftness                Air            30%          3%          2
 Ignite Poison            Fire/Tmut/Pois 43%          3%          3
 Call Canine Familiar     Summ           30%          7%          3
 Confusing Touch          Hex            30%          7%          3
 Frozen Ramparts          Ice            60%          7%          3
 Gell's Gravitas          Tloc           15%          7%          3
 Inner Flame              Hex/Fire       30%          7%          3
 Portal Projectile        Hex/Tloc       60%          7%          3
 Summon Guardian Golem    Hex/Summ       30%          7%          3
 Tukima's Dance           Hex            30%          7%          3
 Ice Form                 Ice/Tmut       50%          8%          4
 Conjure Ball Lightning   Conj/Air       38%          11%         6
 Starburst                Conj/Fire      38%          11%         6
 Lehudib's Crystal Spear  Conj/Erth      51%          19%         8
 Airstrike                Air            15%          22%         4
 Animate Dead             Necr           15%          22%         4
 Cause Fear               Hex            15%          22%         4
 Dispel Undead            Necr           30%          22%         4
 Olgreb's Toxic Radiance  Pois           30%          22%         4
 Summon Ice Beast         Ice/Summ       30%          22%         4
 Summon Lightning Spire   Summ/Air       30%          22%         4
 Yara's Violent Unravell  Hex/Tmut       25%          22%         5
 Freezing Cloud           Conj/Ice/Air   33%          34%         6
 Hydra Form               Tmut           31%          41%         6
 Agony                    Necr           30%          52%         5
 Excruciating Wounds      Necr           15%          52%         5
 Metabolic Englaciation   Hex/Ice        15%          52%         5
 Silence                  Hex/Air        15%          52%         5
 Summon Demon             Summ           15%          52%         5
 Spellforged Servitor     Conj/Summ      38%          52%         7
 Shatter                  Erth           51%          97%         9
 Dispersal                Tloc           15%          98%         6
 Invisibility             Hex            30%          98%         6
 Ozocubu's Refrigeration  Ice            15%          98%         6
 Shadow Creatures         Summ           N/A          98%         6
 Simulacrum               Ice/Necr       15%          98%         6
 Chain Lightning          Conj/Air       38%          99%         8
 Haunt                    Necr/Summ      15%          100%        7
 Malign Gateway           Summ/Tloc      15%          100%        7
 Monstrous Menagerie      Summ           15%          100%        7
 Summon Greater Demon     Summ           15%          100%        7
 Summon Hydra             Summ           15%          100%        7
 Borgnjor's Revivificati  Necr           15%          100%        8
 Discord                  Hex            15%          100%        8
 Disjunction              Tloc           15%          100%        8
 Ignition                 Fire           15%          100%        8
 Infestation              Necr           15%          100%        8
 Summon Horrible Things   Summ           15%          100%        8
 Fire Storm               Conj/Fire      38%          100%        9
 Tornado                  Air            15%          100%        9


Dungeon Overview and Level Annotations

Branches:
Dungeon (15/15)            Temple (1/1) D:7            Lair (6/6) D:11
 Shoals (4/4) Lair:3        Snake (4/4) Lair:2        Slime (0/5) Lair:5
    Orc (2/2) D:9             Elf (3/3) Orc:2        Vaults (2/5) D:13
 Depths (0/5) D:15         Bailey (visited)
  Crypt: Vaults:2-3

Altars:
Ashenzari
Cheibriados
Dithmenos
Elyvilon
Fedhas
Gozag
Hepliaklqana
Kikubaaqudgha
Makhleb
Nemelex Xobeh
Okawaru
Qazlal
Ru
Sif Muna
Trog
Uskayaw
Vehumet
Wu Jian
Xom
Yredelemnul
Zin
The Shining One
Beogh

Shops:
D:6 =   D:9 (   D:14 *   Orc:2 [[*(*   Elf:2 :   Snake:1 ?   Snake:4 =([*(
Vaults:2 =

Annotations:
Lair:6 Kirke
Snake:4 1 runed translucent door, Bunnuime's ghost, adept DECj
Elf:2 2 runed translucent doors
Vaults:2 Sojobo


Innate Abilities, Weirdness & Mutations

You can walk through water.
Your dull iron-grey scales are very hard. (AC +16)
You cannot fit into any form of body armour.
You can survive without breathing.
You are cold-blooded and may be slowed by cold attacks.


Message History

The air elemental disappears in a puff of smoke!
You block the air elemental's attack. The air elemental hits you.
* * * LOW HITPOINT WARNING * * *
The air elemental closely misses you.
The air elemental hits you but does no damage.
The air elemental misses you.
As you read the scroll of teleportation, it crumbles to dust.
You feel strangely unstable.
You are engulfed in raging winds.
You float gracefully downwards.
You block the air elemental's attack. The air elemental barely misses you.
You block the air elemental's attack. x2
The air elemental barely misses you.
The air elemental disappears in a puff of smoke!
Sojobo points at you and mumbles some strange words.
The bolt of lightning misses the air elemental.
The bolt of lightning hits you! You resist.
* * * LOW HITPOINT WARNING * * *
You block the air elemental's attack.
Sojobo waves her feathered arms in wide circles.
The air twists around and strikes you!!
You die...

..........#
..........##########
.###.###..#........#
.##.#.##..'........#
.#.#.#.#§§#.Q......#
..#.#.#...#........#
.#.#.#.#..#...§....#
.##.#.##..#...§.E..#
.###.###..######@######
..........# #......#
..........# #.>....#
########'#######......#
#.........'......#
#.........#......#
#.........#......#
#........^########
#.........#


You could see Sojobo (repels missiles) and an air elemental (summoned).

Vanquished Creatures
  Mara (Shoals:3)
  Vashnia (Snake:2)
  Saint Roka (Orc:1)
  A lich (Vaults:2)
  Rupert (D:15)
  A deep elf blademaster (Elf:3)
  A deep elf master archer (Elf:3)
  2 krakens
  A sphinx (D:13)
  Donald (Shoals:2)
  2 tengu reavers (Vaults:2)
  Ilsuiw (Shoals:2)
  12 nagarajas
  A frost giant (Shoals:4)
  8 deep elf sorcerers
  Louise (Snake:4)
  5 deep elf elementalists
  3 vault wardens
  4 stone giants
  4 ironheart preservers
  12 deep elf annihilators (Elf:3)
  7 deep elf demonologists
  7 merfolk javelineers
  5 deep elf death magi (Elf:3)
  An ettin (D:15)
  The ghost of Fiha the Thaumaturge, a journeyman VSTm of Dithmenos (Lair:4)
  2 yaktaur captains
  A fire dragon (Vaults:1)
  Josephine (D:15)
  2 deep elf high priests (Elf:3)
  9 merfolk impalers
  2 rakshasas
  7 hydras
  18 naga warriors
  4 boulder beetles
  7 anacondas
  4 merfolk avatars
  3 alligator snapping turtles
  4 merfolk aquamancers
  A catoblepas (Lair:5)
  A death knight (D:13)
  2 centaur warriors
  3 satyrs
  6 ogre magi
  29 two-headed ogres
  17 dancing weapons
  A deep troll shaman (Vaults:2)
  9 death yaks (Lair:5)
  2 orc high priests
  17 naga sharpshooters
  21 deep elf knights
  2 salamander mystics (Snake:4)
  13 skeletal warriors
  A flayed ghost (D:13)
  5 unseen horrors
  8 deep trolls
  13 sea snakes
  An unseen horror (shapeshifter) (D:15)
  8 naga ritualists
  A spectral hydra (Lair:4)
  2 ironbrand convokers
  13 deep elf archers
  3 wizards
  Pikel (D:8)
  2 mana vipers (Snake:4)
  16 harpies
  10 orc knights
  5 orc sorcerers
  12 ugly things
  2 oklob plants (D:11)
  A spectral boulder beetle (Lair:4)
  19 fauns
  56 deep elf magi
  2 wolf spiders
  13 manticores
  10 cyclopes
  8 slime creatures
  11 salamanders
  4 guardian serpents
  10 merfolk sirens
  22 naga magi
  2 centaur zombies
  4 elephants
  9 vault sentinels
  Joseph (D:7)
  An eye of devastation (Lair:5)
  9 water nymphs
  24 black mambas
  5 centaur skeletons
  16 cane toads
  Maggie (D:7)
  2 gargoyles
  16 yaktaurs
  4 rime drakes
  4 freezing wraiths
  14 komodo dragons
  A komodo dragon (shapeshifter) (Vaults:2)
  A tengu conjurer (D:15)
  15 trolls
  9 wind drakes
  3 polar bears (Lair:6)
  45 merfolk
  2 spectral dream sheep (Lair:4)
  17 blink frogs
  6 hornets
  7 dream sheep
  4 snapping turtles
  11 spriggans (Lair:6)
  A shadow (D:15)
  11 water elementals
  3 air elementals (Elf:1)
  6 wraiths
  A vampire (D:15)
  5 wyverns
  3 basilisks
  3 hogs (Lair:6)
  A yak (shapeshifter) (D:13)
  4 fire elementals
  65 yaks
  A spectral fire crab (Lair:4)
  Grum (D:8)
  6 wargs
  2 death yak simulacra (Lair:4)
  A soldier ant (D:12)
  49 nagas
  Edmund (D:5)
  25 water moccasins
  An acid dragon (D:15)
  A floating eye (Elf:2)
  33 orc warriors
  2 necrophages
  2 eyes of draining
  A hornet zombie (D:6)
  6 ice beasts
  6 black bears
  38 ogres
  4 sky beasts
  A black bear (shapeshifter) (Elf:1)
  25 wolves
  22 centaurs
  5 phantoms
  4 boggarts (Lair:6)
  A tengu (shapeshifter) (Vaults:1)
  2 centaurs (shapeshifter) (Vaults:1)
  A big kobold (D:14)
  29 bullfrogs
  4 earth elementals
  A deep troll simulacrum (Vaults:1)
  3 wyvern skeletons
  A cane toad simulacrum (Lair:4)
  A scorpion (D:9)
  15 killer bees
  6 howler monkeys
  7 wights
  9 electric eels
  A quasit (D:6)
  8 hounds
  3 bullfrog zombies
  29 orc wizards
  A gnoll shaman (D:5)
  26 orc priests
  3 jellies
  2 bullfrog skeletons
  8 worker ants
  2 iguanas
  A statue (D:4)
  3 killer bee zombies
  A hound zombie (D:11)
  9 gnolls
  A howler monkey skeleton (D:7)
  11 adders
  3 white imps
  7 ufetubi
  3 adder zombies
  3 worms
  A dart slug (D:2)
  5 leopard geckos
  116 orcs
  2 ball pythons
  9 bats
  5 giant cockroaches
  8 goblins
  13 hobgoblins
  8 jackals
  7 quokkas
  5 frilled lizards
  10 kobolds
  3 rats
  A spectral orc (D:4)
  3 tentacles (Shoals:1)
1506 creatures vanquished.

Vanquished Creatures (others)
  A merfolk aquamancer (Shoals:4)
  A deep elf mage (Elf:2)
  A water elemental (Elf:2)
  A naga (Snake:3)
  An ogre (Vaults:1)
  A bush (Lair:6)
  62 fungi
  220 plants
  30 tentacles
318 creatures vanquished.

Grand Total: 1824 creatures vanquished

Notes
Turn   | Place    | Note
-------+----------+-------------------------------------------
     0 | D:1      | voltaire321 the Draconian Conjurer began the quest for the
                  | Orb.
     0 | D:1      | Reached XP level 1. HP: 14/14 MP: 3/3
   262 | D:1      | Reached XP level 2. HP: 22/22 MP: 1/5
   329 | D:1      | Found a snail-covered altar of Cheibriados.
   346 | D:1      | Learned a level 2 spell: Searing Ray
   428 | D:1      | Reached skill level 1 in Fighting
   936 | D:2      | Found an ornate altar of the Wu Jian Council.
   948 | D:2      | Reached XP level 3. HP: 28/28 MP: 3/6
  1105 | D:2      | Found an ancient bone altar of Kikubaaqudgha.
  1352 | D:2      | You fall into a shaft and drop 2 floors!
  1352 | D:4      | Found a white marble altar of Elyvilon.
  1410 | D:4      | Reached XP level 4. HP: 21/36 MP: 0/7
  1666 | D:2      | Reached skill level 1 in Shields
  1860 | D:3      | Reached skill level 2 in Fighting
  2071 | D:3      | Found a glowing silver altar of Zin.
  2084 | D:3      | Reached XP level 5. HP: 41/41 MP: 5/9
  2889 | D:4      | Noticed an ogre
  2907 | D:4      | Killed an ogre
  2908 | D:4      | Reached XP level 6. HP: 50/50 MP: 4/10
  3028 | D:4      | Got a crude iron amulet
  3029 | D:4      | Identified the amulet "Upperigu" {RegenMP rElec} (You found
                  | it on level 4 of the Dungeon)
  3060 | D:4      | Found a basalt altar of Yredelemnul.
  3084 | D:4      | Found a sacrificial altar of Ru.
  3202 | D:4      | Found a radiant altar of Vehumet.
  3642 | D:5      | Entered Level 5 of the Dungeon
  3646 | D:5      | Reached skill level 3 in Fighting
  3721 | D:5      | Reached skill level 5 in Conjurations
  3797 | D:5      | Noticed Edmund
  3943 | D:5      | Noticed an ice beast
  3987 | D:5      | Killed an ice beast
  3988 | D:5      | Your scales start taking on a dull iron-grey colour.
  3988 | D:5      | Reached XP level 7. HP: 57/57 MP: 7/12
  3988 | D:5      | Gained mutation: You can survive without breathing. [Grey
                  | Draconian growth]
  4265 | D:5      | Killed Edmund
  4266 | D:5      | Reached skill level 4 in Fighting
  4881 | D:5      | Reached XP level 8. HP: 67/67 MP: 9/14
  5554 | D:6      | Got a smoking tin ring
  5555 | D:6      | Identified the ring "Jaogupsi" {rN+ AC+4 Int+7} (You found
                  | it on level 6 of the Dungeon)
  5585 | D:6      | Learned a level 3 spell: Dazzling Flash
  5666 | D:6      | Reached skill level 5 in Fighting
  5808 | D:6      | Reached skill level 5 in Dodging
  5808 | D:6      | Reached skill level 5 in Spellcasting
  5858 | D:6      | Found Qiotib's Jewellery Boutique.
  6449 | D:7      | Noticed Maggie
  6454 | D:7      | Reached XP level 9. HP: 70/75 MP: 8/16
  6465 | D:7      | Killed Maggie
  6466 | D:7      | Reached skill level 6 in Fighting
  6843 | D:7      | Found an iron altar of Okawaru.
  7006 | D:7      | Found a hazy altar of Hepliaklqana.
  7094 | D:7      | Found a shadowy altar of Dithmenos.
  7146 | D:7      | Found a staircase to the Ecumenical Temple.
  7155 | Temple   | Entered the Ecumenical Temple
  7241 | Temple   | Became a worshipper of Sif Muna the Loreminder
  7317 | D:7      | Noticed Joseph
  7331 | D:7      | Killed Joseph
  7775 | D:8      | Noticed Pikel
  7784 | D:8      | Killed Pikel
  7785 | D:8      | Reached skill level 7 in Fighting
  8181 | D:8      | Noticed Grum
  8187 | D:8      | Killed Grum
  8206 | D:8      | Reached skill level 1 in Invocations
  8206 | D:8      | Reached XP level 10. HP: 77/86 MP: 15/19
  8681 | D:9      | Reached * piety under Sif Muna
  8760 | D:9      | Found a staircase to the Orcish Mines.
  9106 | D:9      | Found Vyirik's Weapon Emporium.
  9119 | D:9      | Got a smoking mace
  9123 | D:9      | Identified the cursed +2 mace of Leulapic {distort, rPois
                  | rN++ Str+4 Dex-3} (You found it on level 9 of the Dungeon)
  9158 | D:9      | Found a roughly hewn altar of Beogh.
  9275 | D:9      | Reached skill level 8 in Fighting
  9478 | D:10     | Entered Level 10 of the Dungeon
  9478 | D:10     | Noticed a gargoyle
  9478 | D:10     | Noticed a two-headed ogre
 10088 | D:10     | Killed a two-headed ogre
 10088 | D:10     | Reached ** piety under Sif Muna
 10351 | D:10     | Found a basalt altar of Yredelemnul.
 10409 | D:10     | Killed a gargoyle
 10410 | D:10     | Reached XP level 11. HP: 63/95 MP: 15/22
 10599 | D:10     | Noticed a two-headed ogre
 10611 | D:10     | Killed a two-headed ogre
 11135 | D:11     | Reached skill level 9 in Fighting
 11135 | D:11     | Reached skill level 5 in Invocations
 11185 | D:11     | Found a staircase to the Lair.
 11190 | D:11     | Noticed an oklob plant
 11190 | D:11     | Noticed an oklob plant
 11199 | D:11     | Killed an oklob plant
 11206 | D:11     | Killed an oklob plant
 11420 | D:11     | Noticed a two-headed ogre
 11426 | D:11     | Killed a two-headed ogre
 12184 | D:11     | Reached *** piety under Sif Muna
 12343 | Lair:1   | Entered Level 1 of the Lair of Beasts
 13286 | Lair:1   | Reached skill level 10 in Conjurations
 13972 | Lair:2   | Reached XP level 12. HP: 47/106 MP: 21/24
 13973 | Lair:2   | Reached skill level 10 in Fighting
 14092 | Lair:2   | Noticed a seven-headed hydra
 14256 | Lair:2   | Found a staircase to the Snake Pit.
 14761 | Lair:2   | Killed a seven-headed hydra
 15230 | Lair:2   | Learned a level 1 spell: Apportation
 15485 | Lair:3   | Noticed a five-headed hydra
 15733 | Lair:3   | Killed a five-headed hydra
 16009 | Lair:3   | Reached **** piety under Sif Muna
 16034 | Lair:3   | Identified the +4 mace "Ontithom" {antimagic, rF++ MP+9}
 16329 | Lair:3   | Found a staircase to the Shoals.
 16866 | Lair:3   | Noticed an eight-headed hydra
 16874 | Lair:3   | Killed an eight-headed hydra
 17406 | Lair:4   | Reached skill level 11 in Fighting
 17788 | Lair:4   | Learned a level 3 spell: Stone Arrow
 17894 | Lair:4   | Reached XP level 13. HP: 96/116 MP: 20/26
 18071 | Lair:4   | Found a runed translucent gate.
 18071 | Lair:4   | Found a runed translucent gate.
 18165 | Lair:4   | Found a runed translucent gate.
 18165 | Lair:4   | Noticed Fiha's ghost (journeyman VSTm)
 18294 | Lair:4   | Killed Fiha's ghost
 18295 | Lair:4   | Reached skill level 1 in Earth Magic
 19036 | Lair:5   | Reached ***** piety under Sif Muna
 19089 | Lair:5   | Found a staircase to the Slime Pits.
 19182 | Lair:5   | Identified Sif Muna's Compendium of the Rocks and the Oath
                  | (Sif Muna gifted it to you on level 5 of the Lair of
                  | Beasts)
 19182 | Lair:5   | Received a gift from Sif Muna
 19193 | Lair:5   | Learned a level 6 spell: Iron Shot
 19437 | Lair:5   | Reached skill level 10 in Spellcasting
 19615 | Lair:5   | Reached skill level 10 in Dodging
 20786 | Lair:6   | Entered Level 6 of the Lair of Beasts
 21756 | Lair:6   | Noticed Kirke
 21775 | Lair:6   | Noticed a sphinx
 22139 | Lair:6   | Reached skill level 5 in Earth Magic
 23145 | Lair:5   | Reached XP level 14. HP: 49/125 MP: 21/28
 23492 | Lair:5   | Reached skill level 12 in Fighting
 23921 | Lair:5   | Reached skill level 10 in Invocations
 24268 | Lair:6   | Identified Sif Muna's Reference Book on Destructive
                  | Transmutation (Sif Muna gifted it to you on level 6 of the
                  | Lair of Beasts)
 24268 | Lair:6   | Received a gift from Sif Muna
 25607 | Lair:6   | Found the ring of Shadows {Umbra +Inv Stlth+}
 26659 | Orc:1    | Entered Level 1 of the Orcish Mines
 26935 | Orc:2    | Entered Level 2 of the Orcish Mines
 26936 | Orc:2    | Found Giky's Weapon Boutique.
 26967 | Orc:2    | Noticed a stone giant
 26967 | Orc:2    | Noticed a stone giant
 27912 | Orc:2    | Killed a stone giant
 28725 | Orc:1    | Killed a stone giant
 29291 | Orc:2    | Found a staircase to the Elven Halls.
 29379 | Orc:2    | Identified Kocvovvugos's Papyrus of Calling (Sif Muna
                  | gifted it to you on level 2 of the Orcish Mines)
 29379 | Orc:2    | Received a gift from Sif Muna
 29720 | D:6      | Bought the ring of Winter {rPois rF+ Int+6 Dex+4} for 1021
                  | gold pieces
 29886 | Orc:2    | Found Qang's Armour Shoppe.
 29887 | Orc:2    | Found Coafav's Assorted Antiques.
 30088 | Orc:2    | Reached XP level 15. HP: 134/134 MP: 20/30
 30665 | Orc:2    | Found Yraerhyo's General Store.
 30749 | Orc:2    | Found Siptugid's Armour Boutique.
 30836 | Orc:2    | Noticed Saint Roka
 31295 | Orc:1    | Killed Saint Roka
 31296 | Orc:1    | Reached skill level 13 in Fighting
 31639 | Orc:2    | Bought a +0 pair of boots of running for 504 gold pieces
 32035 | D:12     | Identified Sif Muna's Tome of Hurtful Black Secrets (Sif
                  | Muna gifted it to you on level 12 of the Dungeon)
 32035 | D:12     | Received a gift from Sif Muna
 33421 | D:13     | Found a gate to the Vaults.
 34281 | D:14     | You fall into a shaft and drop 1 floor!
 34281 | D:15     | Entered Level 15 of the Dungeon
 34310 | D:14     | Found a flagged portal.
 34330 | Bailey   | Entered a bailey
 34408 | Bailey   | Identified Sif Muna's Almanac of Attacks (Sif Muna gifted
                  | it to you in a bailey)
 34408 | Bailey   | Received a gift from Sif Muna
 35382 | D:14     | Found Helir's General Store.
 35387 | D:14     | Bought a +1 pair of gloves of dexterity for 181 gold pieces
 36314 | D:15     | Reached XP level 16. HP: 140/145 MP: 25/32
 36324 | D:15     | Noticed Rupert
 36344 | D:15     | Killed Rupert
 36625 | D:15     | Noticed Josephine
 36663 | D:15     | Reached skill level 10 in Earth Magic
 36667 | D:15     | Killed Josephine
 36675 | D:15     | Identified Sif Muna's Grimoire of Dark Feathers (Sif Muna
                  | gifted it to you on level 15 of the Dungeon)
 36675 | D:15     | Received a gift from Sif Muna
 37637 | D:15     | Found a staircase to the Depths.
 37981 | D:15     | Reached skill level 14 in Fighting
 38281 | D:15     | Found a shadowy altar of Dithmenos.
 38326 | D:15     | Identified a scroll of acquirement
 38327 | D:15     | Acquired 810 gold pieces
 38470 | D:9      | Bought the +5 morningstar of the Unseen Realm {vorpal,
                  | +Blink Str+4 Dex+4} for 865 gold pieces
 38580 | Snake:1  | Entered Level 1 of the Snake Pit
 38994 | Snake:1  | Found Arui's Magic Scroll Shoppe.
 39101 | Snake:1  | Reached skill level 1 in Evocations
 39608 | Snake:2  | Noticed Vashnia
 41187 | Snake:2  | Killed Vashnia
 41724 | Snake:3  | Identified Coqoh's Volume of Moulding and Sinister Secrets
                  | (Sif Muna gifted it to you on level 3 of the Snake Pit)
 41724 | Snake:3  | Received a gift from Sif Muna
 42379 | Snake:3  | Reached XP level 17. HP: 151/154 MP: 26/33
 43844 | Snake:4  | Entered Level 4 of the Snake Pit
 43889 | Snake:4  | Found Kuawkib's Assorted Antiques.
 43903 | Snake:4  | Found Kisetonauz's Antique Weapon Shoppe.
 43903 | Snake:4  | Found Nymuewy's Weapon Emporium.
 43906 | Snake:4  | Found Nunuotoa's Armour Emporium.
 43925 | Snake:4  | Bought a buzzing whip for 225 gold pieces
 43925 | Snake:4  | Identified the +7 whip of the Peculiar Lies {drain, Will+}
                  | (You bought it in a shop on level 4 of the Snake Pit)
 43926 | Snake:4  | Bought a dazzling scimitar for 270 gold pieces
 43926 | Snake:4  | Identified the +6 scimitar of Crystal {flame, Int+3} (You
                  | bought it in a shop on level 4 of the Snake Pit)
 44574 | Snake:4  | Found Woaff's Jewellery Boutique.
 45194 | Snake:4  | Identified Ugolof's Almanac of Confrontation and Sinister
                  | Rites (Sif Muna gifted it to you on level 4 of the Snake
                  | Pit)
 45194 | Snake:4  | Received a gift from Sif Muna
 45641 | Snake:4  | Found a runed translucent door.
 45643 | Snake:4  | Noticed Bunnuime's ghost (adept DECj)
 45850 | Snake:4  | Reached skill level 5 in Evocations
 47036 | Snake:4  | Reached skill level 15 in Fighting
 47709 | Snake:4  | Noticed Louise
 47884 | Snake:4  | Killed Louise
 48290 | Snake:4  | Got a serpentine rune of Zot
 48565 | Shoals:1 | Entered Level 1 of the Shoals
 48601 | Shoals:1 | Reached XP level 18. HP: 148/163 MP: 6/35
 48880 | Shoals:1 | Identified Sif Muna's Reference Book on Freezing
                  | Conjuration (Sif Muna gifted it to you on level 1 of the
                  | Shoals)
 48880 | Shoals:1 | Received a gift from Sif Muna
 50973 | Shoals:2 | Learned a level 6 spell: Statue Form
 50985 | Shoals:2 | Noticed Ilsuiw
 51962 | Shoals:2 | Reached skill level 1 in Transmutations
 52574 | Shoals:2 | Reached skill level 15 in Conjurations
 53083 | Shoals:3 | Received a gift from Sif Muna
 53087 | Shoals:3 | Noticed Donald
 53760 | Shoals:2 | Killed Ilsuiw
 54544 | Shoals:1 | Learned a level 2 spell: Passwall
 54641 | Shoals:2 | Killed Donald
 55245 | Shoals:3 | Noticed Mara
 55251 | Shoals:3 | Killed Mara
 55938 | Shoals:4 | Entered Level 4 of the Shoals
 57756 | Shoals:4 | Reached skill level 16 in Fighting
 57756 | Shoals:4 | Reached XP level 19. HP: 172/172 MP: 18/36
 57927 | Shoals:4 | Reached skill level 5 in Shields
 59086 | Shoals:4 | Got a fine morningstar
 59107 | Shoals:4 | Identified the +5 morningstar "Duguux" {freeze, rF- Will++
                  | Dex+7} (You found it on level 4 of the Shoals)
 59855 | Shoals:4 | Got a barnacled rune of Zot
 60396 | Elf:1    | Entered Level 1 of the Elven Halls
 61569 | Elf:1    | Identified Sif Muna's Almanac of Entrancing Snow (Sif Muna
                  | gifted it to you on level 1 of the Elven Halls)
 61569 | Elf:1    | Received a gift from Sif Muna
 61941 | Elf:1    | Reached skill level 5 in Transmutations
 62454 | Elf:2    | Got a sapphire mace
 62455 | Elf:2    | Identified the +1 mace "Ecaxzish" {vorpal, rC++ rN+ Int+3
                  | Stlth-} (You found it on level 2 of the Elven Halls)
 63311 | Elf:2    | Paralysed by a floating eye for 3 turns
 63575 | Elf:2    | Found a runed translucent door.
 63601 | Elf:2    | Found a runed translucent door.
 63654 | Elf:2    | Found Nywigyh's One-of-a-Kind Books.
 63845 | Elf:3    | Entered Level 3 of the Elven Halls
 64420 | Elf:3    | Identified Sif Muna's Disquisition on Conjuration and
                  | Feathers (Sif Muna gifted it to you on level 3 of the Elven
                  | Halls)
 64420 | Elf:3    | Received a gift from Sif Muna
 65392 | Elf:3    | Reached XP level 20. HP: 182/182 MP: 31/38
 65957 | Elf:3    | Identified the +6 mace "Zigiezas" {pain, rF+}
 66049 | Elf:3    | Identified the +2 robe "Igumo" {Harm Dex+4 Slay-5}
 66216 | Elf:3    | Cast into level 3 of the Abyss (a deep elf sorcerer)
 66229 | Elf:3    | Escaped the Abyss
 66324 | Elf:3    | Identified the +10 broad axe of Indomitability {vorpal,
                  | SInv}
 66423 | Elf:3    | Identified the cursed +0 quarterstaff of Dividends {flame,
                  | rElec Int+3}
 66450 | Elf:3    | Reached skill level 15 in Earth Magic
 66890 | Elf:3    | Reached skill level 17 in Fighting
 67051 | Elf:3    | Identified the Reference Book on Creation and Darkness
 67073 | Elf:3    | Identified Doopp's Papyrus of Doomed Curses
 67266 | Vaults:1 | Entered Level 1 of the Vaults
 67778 | D:13     | Identified Sif Muna's Grimoire of Weightlessness and
                  | Calling (Sif Muna gifted it to you on level 13 of the
                  | Dungeon)
 67778 | D:13     | Received a gift from Sif Muna
 68232 | Vaults:1 | Reached skill level 15 in Spellcasting
 68394 | Vaults:1 | Reached skill level 15 in Dodging
 70051 | Vaults:2 | Identified Sif Muna's Compendium of Warped Earth (Sif Muna
                  | gifted it to you on level 2 of the Vaults)
 70051 | Vaults:2 | Received a gift from Sif Muna
 70056 | Vaults:2 | Noticed Sojobo
 70437 | Vaults:2 | Reached XP level 21. HP: 191/191 MP: 12/40
 71082 | Vaults:2 | Found Fule's Jewellery Boutique.
 71187 | Vaults:2 | Got a scorched rapier
 71188 | Vaults:2 | Identified the +7 rapier of Integrity {freeze, Dex+3} (You
                  | found it on level 2 of the Vaults)
 71458 | Vaults:2 | HP: 8/192 [air elemental/tornado[Sojobo] (7)]
 71462 | Vaults:2 | Killed from afar by Sojobo

Illustrated notes

Levels and vault maps discovered:
D:1:      dpeg_arrival_rooms_with_view, layout_rooms, serial_curves,
          eino_curves_03, eino_curves_02, minivault_23, cheibriados_altar_1
D:2:      layout_rooms, lemuel_coloured_pillars_altar, lemuel_round_altar,
          serial_curves, eino_curves_02, eino_curves_01
D:3:      layout_rooms, lemuel_doored_altar
D:4:      layout_loops_ring, vehumet_statue, elyvilon_altar_1,
          nicolae_ru_sacrificial_ziggurat, yredelemnul_forgotten_temple_becter
D:5:      layout_gridville, uniq_edmund
D:6:      layout_layer_cave, serial_shops, shop_statue
D:7:      layout_loops_ring, okawaru_altar_gauntlet_db,
          nzn_hepliaklqana_mist_gate, kennysheep_mini,
          minmay_temple_entry_purple_smoke, uniq_joseph, uniq_maggie
D:8:      layout_basic, uniq_pikel, uniq_grum
D:9:      layout_loops_ring, minmay_orc_entry_temple_small, serial_shops, shop
D:10:     layout_rooms, basic_altar
D:11:     layout_gridville, dpeg_oklobed_lair, statue_in_the_mist_lemuel
D:12:     layout_rooms, kennysheep_path_1, minmay_misc_feat_tiny
D:13:     kennysheep_funnel, layout_rooms, david_vaults_2,
          gauntlet_entry_generic, serial_bayou_crossing
D:14:     layout_stronghold, serial_shops, shop, enter_bailey_5,
          hangedman_decor_clover_reticule
D:15:     hangedman_depths_entry_civil_slaughter, layout_loops_ring,
          grunt_dithmenos_shadows, hangedman_corner_corridor, uniq_josephine,
          uniq_rupert
Temple:   nicolae_temple_hex_pool
Lair:1:   layout_regular_city, lemuel_fruit_fields
Lair:2:   layout_regular_city, guppyfry_snake_entry_island,
          chequers_serial_rivers_small_b, serial_bayou_pond_c,
          grunt_megastairs_5, serial_bayou_shore_b
Lair:3:   nzn_winding_woodlands_stair_cross [nzn_winding_woodlands_5x15_zeroes,
          nzn_winding_woodlands_center_garden,
          nzn_winding_woodlands_5x15_concentric,
          nzn_winding_woodlands_5x5_closed_star,
          nzn_winding_woodlands_hourglass, nzn_winding_woodlands_5x15_longhouse,
          nzn_winding_woodlands_center_diamonds,
          nzn_winding_woodlands_5x15_lazy_stream], layout_gridlike,
          minmay_shoals_entry_centaurs, serial_bayou_lagoon_a
Lair:4:   layout_cave_shapes, gammafunk_ghost_necromancy, st_stairs_3,
          patterned_corridor
Lair:5:   layout_misc_corridors, minmay_slime_entry_eyes, serial_bayou,
          serial_bayou_pond_a, serial_bayou_lake_a, serial_bayou_pond_a,
          serial_bayou_shore_a, serial_bayou_pond_e, serial_bayou_pond_a
Lair:6:   minmay_lair_end_enchanted_forest, layout_cave_pods, fungi_pond_lemuel,
          uniq_kirke
Shoals:1: layout_shoals, nicolae_shoals_kraken_intersection
Shoals:2: layout_shoals, uniq_ilsuiw
Shoals:3: layout_shoals, uniq_mara, uniq_donald
Shoals:4: shoals_end_grunt_ice, layout_shoals
Snake:1:  layout_misc_corridors, serial_shops, nicolae_shop_behind_doors
Snake:2:  layout_honeycomb, uniq_vashnia
Snake:3:  layout_misc_corridors, special_room, nicolae_snake_linked_coils
Snake:4:  snake_pit, layout_cave_town, gammafunk_ghost_grave,
          grunt_ministairs_7, minmay_shop_enchanted_jewellery,
          serial_bayou_pond_a, st_stairs_7, minmay_shoptagon, uniq_louise
Orc:1:    layout_caves
Orc:2:    st_orc_open, layout_diamond_mine, portal_ice_cave_rime, serial_shops,
          shop, uniq_saint_roka
Elf:1:    layout_geoelf_grid, minmay_elf_crystal_hexagon
Elf:2:    layout_geoelf_grid, nicolae_rare_books, onia_ninara_cookie
Elf:3:    minmay_elf_hall_x, layout_loops_cross
Vaults:1: nicolae_vaults_windows_and_doors_thing, vaults_room_fours,
          nicolae_vaults_gold_heap, hangedman_vaults_stretched_pinwheel,
          vaults_mumra_hexcomb, nicolae_vaults_alarming, v_misc_24,
          layout_vaults_quadrants
Vaults:2: v_rooms_5, grunt_vaults_swirl, vaults_room_hangedman_quadrants,
          v_misc_11, vaults_room_fours, v_misc_17, v_alt_pattern_6,
          nicolae_vaults_what_the_h, vaults_mumra_lcd, layout_vaults_omnicross,
          serial_shops, nicolae_shop_behind_doors, shop, uniq_margery,
          uniq_sojobo

Skill      XL: |  1  2  3  4  5  6  7  8  9 10 11 12 13 14 15 16 17 18 19 20 21 |
---------------+----------------------------------------------------------------+-----
Dodging        | 2 3 4 5 6 7 8 9 10 11 12 13 14 15 | 15.2
Fighting       | 1 2 3 4 5 7 8 9 11 12 13 14 15 16 17 | 17.5
Shields        | 1 2 3 4 7 8 9 |  9.2
Spellcasting   | 3 4 5 6 7 8 9 10 11 12 13 14 15 | 15.2
Conjurations   | 5 6 8 9 10 11 12 13 14 15 16 | 16.7
Invocations    | 1 4 6 8 9 10 11 12 13 | 13.0
Earth Magic    | 5 7 9 11 12 13 14 15 | 15.8
Evocations     | 3 5 |  5.0
Transmutations | 3 5 |  5.0
Stealth        | |  1.7

Action                   |  1- 3 |  4- 6 |  7- 9 | 10-12 | 13-15 | 16-18 | 19-21 || total
-------------------------+-------+-------+-------+-------+-------+-------+-------++-------
Melee: Unarmed           |    21 |       |       |       |    21 |       |       ||    42
       Tailslap          |     6 |     1 |    10 |    23 |    49 |    86 |    70 ||   245
       Dagger            |    10 |    31 |    10 |   103 |       |       |       ||   154
       Rapier            |       |       |   141 |    22 |   390 |    66 |       ||   619
       War axe           |       |       |       |   125 |       |       |       ||   125
       Morningstar       |       |       |       |       |       |   133 |       ||   133
       Whip              |       |       |       |       |       |   295 |   444 ||   739
 Cast: Magic Dart        |    55 |    67 |    72 |    94 |    75 |     5 |     4 ||   372
       Searing Ray       |     2 |    18 |    51 |   143 |   253 |    37 |    62 ||   566
       Dazzling Flash    |       |       |       |     1 |     4 |     6 |     2 ||    13
       Stone Arrow       |       |       |       |       |   192 |    62 |     1 ||   255
       Iron Shot         |       |       |       |       |   128 |   640 |   429 ||  1197
       Statue Form       |       |       |       |       |       |       |     1 ||     1
Evoke: Wand              |       |       |       |     2 |    10 |     1 |       ||    13
  Use: Scroll            |       |     6 |    12 |     8 |    21 |    13 |    10 ||    70
       Potion            |       |       |       |       |     6 |     7 |     2 ||    15
 Stab: Sleeping          |       |       |     1 |     4 |     2 |       |     3 ||    10
Armor: Skin              |    15 |    21 |   148 |   221 |   379 |   361 |   260 ||  1405
Dodge: Dodged            |    18 |    33 |   192 |   423 |   983 |   889 |   586 ||  3124
Block: Buckler           |       |       |    26 |   112 |   355 |   409 |       ||   902
       Kite shield       |       |       |       |       |       |    69 |   512 ||   581
       Reflection        |       |       |       |       |       |     2 |    76 ||    78

Table legend: (Time is in decaauts)
 A = Elapsed time spent in this place.
 B = Non-inter-level travel time spent in this place.
 C = Inter-level travel time spent in this place.
 D = Time resting spent in this place.
 E = Time spent auto-exploring this place.
 F = Levels seen in this place.
 G = Mean time per level.
                   A        B        C        D        E       F      G
               +--------+--------+--------+--------+--------+-----+--------+
         Total |  70504 |  68688 |   1816 |  34206 |  14793 |  39 | 1807.8 |
       Dungeon |  19967 |  18992 |    975 |   7026 |   6366 |  15 | 1331.1 |
        Temple |     97 |     97 |      0 |      0 |     66 |   1 |   97.0 |
          Lair |  14862 |  14611 |    251 |   8098 |   2953 |   6 | 2477.0 |
        Shoals |  10973 |  10915 |     58 |   6303 |   1904 |   4 | 2743.2 |
     Snake Pit |   9693 |   9480 |    213 |   5580 |   1350 |   4 | 2423.2 |
  Orcish Mines |   4149 |   3996 |    153 |   2212 |    289 |   2 | 2074.5 |
   Elven Halls |   6604 |   6507 |     97 |   3535 |    790 |   3 | 2201.3 |
        Vaults |   3663 |   3596 |     67 |   1239 |   1074 |   2 | 1831.5 |
         Abyss |     11 |     11 |      0 |      0 |      0 |   1 |   11.0 |
        Bailey |    481 |    481 |      0 |    210 |      0 |   1 |  481.0 |
               +--------+--------+--------+--------+--------+-----+--------+

Top non-repeatable levels by time:
  Lair:6: 3762 daAuts
  Lair:5: 3718 daAuts
Shoals:3: 3513 daAuts
 Snake:4: 3191 daAuts
 Snake:3: 3010 daAuts
   Orc:1: 2732 daAuts
Shoals:1: 2697 daAuts
   Elf:3: 2623 daAuts
  Lair:3: 2595 daAuts
Shoals:2: 2508 daAuts
    D:15: 2391 daAuts
   Elf:1: 2372 daAuts
Vaults:1: 2305 daAuts
Shoals:4: 2254 daAuts
 Snake:2: 2084 daAuts
